[Event "42nd Olympiad Baku 2016 Open"]
[Site "Baku"]
[Date "2016.09.03"]
[Round "2.24"]
[White "Pitirotjirathon, Jirapak"]
[Black "Nitzborn, Max Baron"]
[Result "1-0"]
[ECO "A50"]
[WhiteElo "2205"]
[BlackElo "1970"]
[Annotator ""]
[PlyCount "75"]
[EventDate "2016.??.??"]
[EventCountry "AZE"]
[SourceTitle "playchess.com"]
[Source "ChessBase"]
[WhiteTeam "Thailand"]
[BlackTeam "Namibia"]
[WhiteTeamCountry "THA"]
[BlackTeamCountry "NAM"]
[TimeControl "40/5400+30:1800+30"]

1. d4 {(00:00)} Nf6 {(00:00)} 2. c4 {(00:00)} b6 {(
00:01)} 3. Nc3 {(00:00)} e6 {(00:42)} 4. e4 {(01:45)} Bb4
{(02:17)} 5. Bd3 {(02:18)} Bb7 {(00:05)} 6. Qe2 {(
05:12)} d6 {(09:00)} 7. f4 {(02:23)} Nbd7 {(08:10)} 8. Nf3
{(02:41)} c5 {(02:10)} 9. d5 {(00:54)} Bxc3+ {(12:
54)} 10. bxc3 {(00:31)} e5 {(00:49)} 11. O-O {(03:49)} O-O
{(00:10)} 12. fxe5 {(02:06)} dxe5 {(01:00)} 13. Bg5 h6 14.
Bh4 {(02:17)} Qc7 {(00:52)} 15. Nd2 {(12:35)} Qd6 {
(08:21)} 16. Rf2 {(01:05)} Nh7 {(04:47)} 17. Nf1 {(
01:26)} Ndf6 {(00:18)} 18. Ne3 {(00:50)} Bc8 {(00:22)} 19.
Raf1 {(01:16)} g5 {(05:32)} 20. Bg3 {(01:06)} Bd7 {
(00:21)} 21. h4 {(08:27)} Kh8 {(04:06)} 22. hxg5 {(
00:54)} hxg5 {(00:01)} 23. Nf5 {(00:30)} Bxf5 {(00:26)}
24. Rxf5 {(00:18)} Rae8 {(00:07)} 25. Qf3 {(01:29)} Kg7 {
(00:12)} 26. Be1 {(02:46)} Qe7 {(13:08)} 27. Bd2 {(
02:08)} Ng8 {(01:03)} 28. Qh3 {(06:51)} f6 {(00:09)} 29.
Kf2 {(02:01)} Rf7 {(02:20)} 30. Be2 {(02:32)} Rd8 {
(00:08)} 31. Bh5 {(00:45)} Nh6 {(00:30)} 32. Rf3 {(
01:08)} Rff8 {(01:55)} 33. Ke2 {(02:53)} Qd7 {(00:26)} 34.
Qh2 {(03:39)} Kh8 {(03:37)} 35. Bg6 {(05:09)} Qg7 {
(07:13)} 36. Qh5 {(01:00)} Ng8 {(04:18)} 37. Rh1 {(
00:45)} Rd7 {(00:42)} 38. Rfh3 {(00:16)} 1-0

[Event "42nd Olympiad Baku 2016 Open"]
[Site "Baku"]
[Date "2016.09.03"]
[Round "2.3"]
[White "Poon, Yu Tien"]
[Black "Hernandez, Roberto"]
[Result "1-0"]
[ECO "A90"]
[WhiteElo "2196"]
[BlackElo "2215"]
[Annotator ""]
[PlyCount "61"]
[EventDate "2016.??.??"]
[EventCountry "AZE"]
[SourceTitle "playchess.com"]
[Source "ChessBase"]
[WhiteTeam "Barbados"]
[BlackTeam "PLW"]
[WhiteTeamCountry "BAR"]
[BlackTeamCountry "CUB"]
[TimeControl "40/5400+30:1800+30"]

1. d4 {(00:00)} f5 {(00:00)} 2. g3 {(00:00)} Nf6 {(
00:14)} 3. Bg2 {(00:00)} d5 {(00:42)} 4. c4 {(01:34)} e6 {
(00:43)} 5. Nc3 {(04:04)} Nc6 {(03:16)} 6. Bg5 {(
07:33)} Be7 {(03:19)} 7. e3 {(09:28)} O-O {(01:19)} 8.
Bxf6 {(00:28)} Bxf6 {(06:01)} 9. cxd5 {(00:18)} Ne7 {
(03:08)} 10. dxe6 {(06:59)} Bxe6 {(00:45)} 11. Nge2 {
(00:10)} c6 {(03:02)} 12. O-O {(01:13)} Ng6 {(04:
01)} 13. Qc2 {(01:23)} Qd7 {(02:06)} 14. Na4 {(01:49)} Bd5
{(03:30)} 15. Nc5 {(00:17)} Qc8 {(01:18)} 16. Bxd5+ {
(02:03)} cxd5 {(00:22)} 17. Qb3 {(00:15)} Qc6 {(01:
35)} 18. Rac1 {(01:40)} b6 {(02:49)} 19. Nd3 {(08:37)} Qd6
{(02:17)} 20. Nef4 {(02:52)} Ne7 {(02:48)} 21. Qb4 {
(04:00)} Qd7 {(03:47)} 22. Ne5 {(00:31)} Bxe5 {(01:
40)} 23. dxe5 {(00:06)} Nc6 {(02:32)} 24. Qd6 {(01:10)}
Qxd6 {(05:02)} 25. exd6 {(00:07)} Ne5 {(00:19)} 26. Rfd1 {
(02:02)} Rf6 {(02:51)} 27. Nxd5 {(01:44)} Rh6 {(00:
48)} 28. d7 {(02:36)} Kf7 {(03:10)} 29. Rc8 {(00:23)} Nxd7
{(00:36)} 30. Rxa8 {(00:08)} Rd6 {(00:52)} 31. Rxa7 {
(00:22)} 1-0

[Event "42nd Olympiad Baku 2016 Open"]
[Site "Baku"]
[Date "2016.09.03"]
[Round "2.7"]
[White "Ralison, Milanto Harifidy"]
[Black "Latela, Kananelo"]
[Result "1-0"]
[ECO "C45"]
[WhiteElo "2058"]
[BlackElo "1736"]
[Annotator ""]
[PlyCount "97"]
[EventDate "2016.??.??"]
[EventCountry "AZE"]
[SourceTitle "playchess.com"]
[Source "ChessBase"]
[WhiteTeam "Madagascar"]
[BlackTeam "Lesotho"]
[WhiteTeamCountry "MAD"]
[BlackTeamCountry "LES"]
[TimeControl "40/5400+30:1800+30"]

1. e4 {(00:00)} e5 {(00:20)} 2. Nf3 {(00:27)} Nc6 {
(02:01)} 3. d4 {(01:17)} exd4 {(03:08)} 4. Nxd4 {(
00:31)} Nf6 {(01:11)} 5. Nxc6 {(01:47)} bxc6 {(01:01)} 6.
e5 {(00:25)} Nd5 {(00:38)} 7. c4 {(02:25)} Bb4+ {(
01:59)} 8. Nd2 {(02:04)} Nf4 {(00:37)} 9. g3 {(03:36)} Ng6
{(01:40)} 10. Qe2 {(04:31)} O-O {(00:15)} 11. f4 {(
02:37)} d6 {(00:32)} 12. Bg2 {(01:28)} Qe8 {(00:37)} 13.
a3 {(01:42)} Bxd2+ {(01:05)} 14. Bxd2 {(00:07)} dxe5 {
(00:18)} 15. Bb4 {(00:38)} exf4 {(00:34)} 16. Bxf8 {
(05:49)} Qxf8 {(00:10)} 17. O-O-O {(04:23)} Be6 {(
01:40)} 18. Bxc6 {(04:11)} Rb8 {(00:04)} 19. Rhf1 {(19:47]
} Qc5 {(03:10)} 20. Bd5 {(00:32)} Bh3 {(01:04)} 21. Rfe1 {
(06:35)} c6 {(00:22)} 22. b4 {(07:32)} Qb6 {(01:25]
} 23. c5 {(01:05)} Qc7 {(00:14)} 24. Bb3 {(03:14)} fxg3 {
(00:19)} 25. Rd6 {(04:16)} g2 {(02:33)} 26. Qf3 {(
01:32)} Be6 {(01:52)} 27. Bxe6 {(05:31)} fxe6 {(00:05)}
28. Qxg2 {(00:34)} Nf4 {(03:20)} 29. Qe4 {(01:54)} Rf8 {
(00:17)} 30. Qd4 {(02:41)} Qf7 {(01:22)} 31. Rd7 {(
03:40)} Qg6 {(00:37)} 32. Kb2 {(02:12)} Qh6 {(01:22)} 33.
Kb3 {(02:36)} a5 {(00:25)} 34. Rd8 {(02:17)} Nd5 {(
01:02)} 35. Rxf8+ {(00:35)} Kxf8 {(00:03)} 36. Qe5 {(00:
36)} Qh3+ {(00:50)} 37. Qg3 {(01:24)} Qf5 {(03:26)} 38.
Qd6+ {(01:01)} Kf7 {(00:36)} 39. Qxc6 {(01:07)} a4+ {
(01:38)} 40. Kxa4 {(00:00)} Qc2+ {(00:00)} 41. Ka5 {
(01:52)} Qf5 {(02:40)} 42. Qd7+ {(03:41)} Ne7 {(00:
07)} 43. Kb6 {(02:01)} g5 {(00:49)} 44. Kc7 {(03:17)} Qf4+
{(00:49)} 45. Qd6 {(00:30)} Nd5+ {(00:44)} 46. Kd7 {
(00:46)} Nf6+ {(02:00)} 47. Kd8 {(00:22)} Qf3 {(00:
58)} 48. c6 {(01:44)} Qxa3 {(02:58)} 49. c7 {(01:47)} 1-0

[Event "42nd Olympiad Baku 2016 Open"]
[Site "Baku"]
[Date "2016.09.03"]
[Round "2.2"]
[White "Ramos, Efren Andres"]
[Black "Notha, Moakofi"]
[Result "1-0"]
[ECO "A14"]
[WhiteElo "2199"]
[BlackElo "2119"]
[Annotator ""]
[PlyCount "95"]
[EventDate "2016.??.??"]
[EventCountry "AZE"]
[SourceTitle "playchess.com"]
[Source "ChessBase"]
[WhiteTeam "Panama"]
[BlackTeam "Botswana"]
[WhiteTeamCountry "PAN"]
[BlackTeamCountry "BOT"]
[TimeControl "40/5400+30:1800+30"]

1. Nf3 {(00:00)} d5 {(00:00)} 2. g3 {(00:00)} e6 {(
02:28)} 3. Bg2 {(01:05)} Nf6 {(00:13)} 4. c4 {(00:19)} Be7
{(00:16)} 5. O-O {(00:12)} O-O {(00:10)} 6. d4 {(
00:04)} dxc4 {(00:33)} 7. Ne5 {(01:01)} c5 {(00:36)} 8.
dxc5 {(01:54)} Bxc5 {(02:06)} 9. Qxd8 {(07:42)} Rxd8 {
(00:03)} 10. Nc3 {(00:30)} Na6 {(08:11)} 11. Nxc4 {
(02:21)} Nb4 {(06:05)} 12. Be3 {(09:41)} Bxe3 {(01:
49)} 13. Nxe3 {(00:05)} Rb8 {(07:07)} 14. a3 {(07:37)} Nc6
{(00:46)} 15. Rfd1 {(06:18)} Bd7 {(00:59)} 16. Rd6 {
(01:24)} Kf8 {(02:38)} 17. Rad1 {(04:02)} Ke7 {(00:
26)} 18. b4 {(05:08)} a6 {(01:23)} 19. Nc4 {(06:14)} Ne8 {
(06:41)} 20. R6d3 {(01:58)} b5 {(02:55)} 21. Bxc6 {
(03:25)} Bxc6 {(00:24)} 22. Rxd8 {(00:08)} Rxd8 {(
00:07)} 23. Rxd8 {(00:03)} Kxd8 {(00:02)} 24. Ne5 {(00:06]
} Kc7 {(03:09)} 25. Nxf7 {(00:17)} h6 {(02:56)} 26. f4 {
(00:54)} Nf6 {(04:40)} 27. Ne5 {(00:42)} Bb7 {(04:
53)} 28. Kf2 {(01:01)} Kb6 {(01:11)} 29. Ke3 {(00:46)} Bg2
{(10:16)} 30. Kd4 {(01:58)} Kc7 {(04:30)} 31. e4 {(
13:42)} g5 {(10:14)} 32. Nf7 {(10:10)} gxf4 {(04:32)} 33.
gxf4 {(00:47)} h5 {(01:40)} 34. Ng5 {(02:15)} Kd7 {
(02:36)} 35. h3 {(06:16)} Ke7 {(01:07)} 36. a4 {(
02:52)} bxa4 {(07:08)} 37. Nxa4 {(00:31)} Nxe4 {(01:38)}
38. Nxe4 {(00:16)} Bxh3 {(00:01)} 39. Nac5 {(00:49)} Bg2 {
(01:14)} 40. Ke3 {(00:00)} h4 {(00:00)} 41. Ng5 {(
05:26)} Bf1 {(07:40)} 42. Kf3 {(09:26)} Bc4 {(07:52)} 43.
Nge4 {(02:21)} h3 {(10:13)} 44. Kg3 {(00:13)} Bf1 {
(00:32)} 45. Ng5 {(11:48)} Kd6 {(03:29)} 46. Ngxe6 {
(00:10)} Kc6 {(01:09)} 47. f5 {(01:56)} Kd6 {(04:
19)} 48. f6 {(00:27)} 1-0

[Event "42nd Olympiad Baku 2016 Open"]
[Site "Baku"]
[Date "2016.09.03"]
[Round "2.5"]
[White "Ranaivoharisoa, Alain"]
[Black "Klaas Tokelo"]
[Result "1-0"]
[ECO "B53"]
[WhiteElo "2169"]
[BlackElo "1663"]
[Annotator ""]
[PlyCount "63"]
[EventDate "2016.??.??"]
[EventCountry "AZE"]
[SourceTitle "playchess.com"]
[Source "ChessBase"]
[WhiteTeam "Madagascar"]
[BlackTeam "Lesotho"]
[WhiteTeamCountry "MAD"]
[BlackTeamCountry "LES"]
[TimeControl "40/5400+30:1800+30"]

1. e4 {(00:00)} c5 {(00:16)} 2. Nf3 {(00:03)} d6 {(
00:39)} 3. d4 {(00:18)} cxd4 {(00:31)} 4. Qxd4 {(00:19)}
Nc6 {(01:04)} 5. Bb5 {(00:17)} Bd7 {(00:56)} 6. Bxc6 {
(00:10)} bxc6 {(01:09)} 7. O-O {(04:44)} Qb6 {(01:
20)} 8. Qd3 {(01:32)} e5 {(03:05)} 9. c4 {(03:29)} Nf6 {
(04:14)} 10. Nc3 {(04:35)} h6 {(02:22)} 11. b3 {(
07:27)} c5 {(01:36)} 12. Ne1 {(02:45)} Be7 {(13:55)} 13.
f4 {(04:01)} exf4 {(09:09)} 14. Bxf4 {(00:26)} O-O {
(02:56)} 15. Rd1 {(08:44)} Bc6 {(00:55)} 16. Nc2 {(
05:01)} Rfd8 {(14:37)} 17. Ne3 {(05:13)} Ne8 {(06:00)} 18.
Ncd5 {(10:53)} Qb7 {(03:04)} 19. Nf5 {(12:25)} Bf8 {
(04:44)} 20. Rf3 {(10:18)} Bxd5 {(01:34)} 21. exd5 {
(00:17)} Rd7 {(08:19)} 22. Rdf1 {(05:50)} f6 {(01:
55)} 23. Rg3 {(00:27)} g5 {(01:07)} 24. h4 {(03:01)} Bg7 {
(03:33)} 25. Bd2 {(02:30)} Rf7 {(01:09)} 26. Qf3 {(
00:48)} Qd7 {(02:03)} 27. Qh5 {(01:12)} a5 {(03:59)} 28.
Nxh6+ {(01:53)} Bxh6 {(00:13)} 29. Qxh6 {(00:15)} Rg7 {
(01:25)} 30. hxg5 {(00:28)} fxg5 {(00:33)} 31. Rh3 {
(01:22)} Qxh3 {(02:47)} 32. gxh3 {(00:11)} 1-0

[Event "42nd Olympiad Baku 2016 Open"]
[Site "Baku"]
[Date "2016.09.03"]
[Round "2.25"]
[White "Rayes, Abdul Kader"]
[Black "Li Ying, Patrick"]
[Result "1-0"]
[ECO "E18"]
[WhiteElo "2254"]
[BlackElo "2131"]
[Annotator ""]
[PlyCount "65"]
[EventDate "2016.??.??"]
[EventCountry "AZE"]
[SourceTitle "playchess.com"]
[Source "ChessBase"]
[WhiteTeam "Syria"]
[BlackTeam "Mauritius"]
[WhiteTeamCountry "SYR"]
[BlackTeamCountry "MRI"]
[TimeControl "40/5400+30:1800+30"]

1. Nf3 {(00:00)} Nf6 {(00:00)} 2. g3 {(00:00)} b6 {
(00:03)} 3. Bg2 {(00:01)} Bb7 {(00:06)} 4. O-O {(
01:01)} e6 {(00:07)} 5. c4 {(00:37)} Be7 {(00:21)} 6. d4 {
(00:19)} O-O {(00:14)} 7. Nc3 {(06:02)} d5 {(03:04]
} 8. Ne5 {(00:48)} Nbd7 {(00:30)} 9. Qa4 {(01:24)} c6 {
(00:12)} 10. cxd5 {(02:12)} Nxe5 {(20:29)} 11. dxe5 {
(03:42)} Nxd5 {(00:16)} 12. Nxd5 {(16:34)} cxd5 {(
03:34)} 13. h4 {(04:36)} Qe8 {(04:47)} 14. Qg4 {(03:26)}
f5 {(01:14)} 15. exf6 {(00:33)} Bxf6 {(00:23)} 16. e4 {
(09:55)} Ba6 {(09:40)} 17. Re1 {(09:03)} Bd4 {(01:
20)} 18. Bf4 {(02:06)} e5 {(00:21)} 19. exd5 {(01:05)} Qf7
{(05:07)} 20. Be3 {(03:25)} Bxb2 {(07:44)} 21. Rab1 {
(00:40)} Bc3 {(00:54)} 22. Red1 {(01:53)} Bb7 {(07:
03)} 23. Rbc1 {(02:36)} Bb2 {(02:09)} 24. Rc2 {(06:17)}
Ba3 {(00:31)} 25. Qe4 {(03:24)} Bd6 {(00:20)} 26. Bf1 {
(07:17)} Rac8 {(16:30)} 27. Rc6 {(06:00)} Bc5 {(05:
34)} 28. Rxc8 {(02:09)} Rxc8 {(01:13)} 29. Bxc5 {(02:36)}
Rxc5 {(03:53)} 30. Qxe5 {(00:34)} g6 {(04:09)} 31. Bg2 {
(00:57)} Rc2 {(01:01)} 32. Qe3 {(00:40)} Rxa2 {(01:
46)} 33. d6 {(00:25)} 1-0

[Event "42nd Olympiad Baku 2016 Open"]
[Site "Baku"]
[Date "2016.09.03"]
[Round "2.12"]
[White "Rusev, Krasimir"]
[Black "Thorsteinsson, Sjurdur"]
[Result "1-0"]
[ECO "A48"]
[WhiteElo "2548"]
[BlackElo "2187"]
[Annotator ""]
[PlyCount "133"]
[EventDate "2016.??.??"]
[EventCountry "AZE"]
[SourceTitle "playchess.com"]
[Source "ChessBase"]
[WhiteTeam "Bulgaria"]
[BlackTeam "Faroe Islands"]
[WhiteTeamCountry "BUL"]
[BlackTeamCountry "FAI"]
[TimeControl "40/5400+30:1800+30"]

1. d4 {(00:00)} Nf6 {(00:00)} 2. Nf3 {(00:00)} g6 {
(00:26)} 3. Bf4 {(00:01)} d6 {(04:32)} 4. h3 {(00:
59)} Bg7 {(02:21)} 5. e3 {(00:04)} O-O {(00:50)} 6. c3 {
(00:42)} Nbd7 {(02:42)} 7. Bh2 {(00:35)} c5 {(02:
23)} 8. Bd3 {(01:06)} b6 {(02:54)} 9. O-O {(00:04)} Bb7 {
(00:55)} 10. Qe2 {(02:56)} d5 {(14:39)} 11. Nbd2 {(
03:55)} Ne4 {(05:40)} 12. Rfd1 {(03:24)} Nxd2 {(08:23)}
13. Rxd2 {(03:59)} c4 {(06:58)} 14. Bc2 {(00:03)} Nf6 {
(00:43)} 15. Ne5 {(16:32)} Qc8 {(06:13)} 16. f3 {(
02:25)} b5 {(03:37)} 17. e4 {(03:47)} a5 {(03:35)} 18. Re1
{(04:59)} e6 {(03:09)} 19. Qf2 {(05:07)} Ra6 {(02:
32)} 20. Rde2 {(01:37)} Rb6 {(01:49)} 21. Bf4 {(01:30)} b4
{(03:18)} 22. Ba4 {(05:23)} Ba6 {(02:52)} 23. Qh4 {
(00:47)} Bb5 {(02:25)} 24. Bc2 {(02:55)} Nh5 {(02:
02)} 25. Bc1 {(01:46)} Qd8 {(00:55)} 26. Qf2 {(00:15)} Bf6
{(00:40)} 27. g3 {(00:56)} Ng7 {(00:38)} 28. Ng4 {(
03:46)} Be7 {(02:21)} 29. e5 {(01:25)} Nf5 {(04:02)} 30.
h4 {(01:26)} h5 {(02:11)} 31. Nh6+ {(00:56)} Nxh6 {
(01:44)} 32. Bxh6 {(00:02)} Re8 {(00:06)} 33. Qe3 {
(03:47)} b3 {(01:15)} 34. Bb1 {(00:06)} bxa2 {(00:
12)} 35. Bxa2 {(00:05)} Qb8 {(01:11)} 36. Rg2 {(00:30)}
Kh7 {(00:25)} 37. Bb1 {(01:04)} Rh8 {(00:59)} 38. g4 {
(01:57)} hxg4 {(00:34)} 39. Bg5 {(11:29)} Qd8 {(02:
50)} 40. Rxg4 {(00:00)} Kg7 {(00:00)} 41. f4 {(07:57)} Kf8
{(03:53)} 42. Rg2 {(06:56)} Ba4 {(09:22)} 43. Qg3 {
(01:20)} Ke8 {(01:19)} 44. Rh2 {(16:21)} Kd7 {(05:
45)} 45. Kh1 {(01:56)} Rh5 {(03:28)} 46. Rg1 {(00:05)} Qh8
{(01:11)} 47. Qf2 {(03:01)} Qh7 {(06:12)} 48. Kg2 {
(00:56)} Bb3 {(01:05)} 49. Kg3 {(00:18)} Qg8 {(00:
54)} 50. Qe2 {(01:49)} a4 {(02:59)} 51. Kg2 {(02:32)} Qh8
{(00:37)} 52. Rgh1 {(00:30)} Ra6 {(00:43)} 53. Kg3 {
(02:27)} a3 {(02:07)} 54. bxa3 {(00:02)} Rxa3 {(00:
07)} 55. Rf1 {(00:05)} Rh7 {(00:44)} 56. Qb2 {(01:33)} Qa8
{(00:32)} 57. h5 {(06:49)} Rxh5 {(00:45)} 58. Rxh5 {
(00:02)} gxh5 {(00:05)} 59. Bxe7 {(00:15)} Kxe7 {(
00:06)} 60. f5 {(00:04)} Qg8+ {(01:33)} 61. Kh2 {(00:01)}
Ra8 {(00:26)} 62. Rg1 {(00:20)} Qh8 {(00:27)} 63. Qc1 {
(02:31)} Ra1 {(01:19)} 64. Rg7 {(01:14)} Ra8 {(00:
38)} 65. Qg5+ {(00:08)} Kf8 {(00:26)} 66. f6 {(00:12)} Ba2
{(00:44)} 67. Bh7 {(00:03)} 1-0

[Event "42nd Olympiad Baku 2016 Open"]
[Site "Baku"]
[Date "2016.09.03"]
[Round "2.19"]
[White "Sabar Ethmane Daouda"]
[Black "Adu, Oladapo"]
[Result "0-1"]
[ECO "B23"]
[WhiteElo "2063"]
[BlackElo "2334"]
[Annotator ""]
[PlyCount "60"]
[EventDate "2016.??.??"]
[EventCountry "AZE"]
[SourceTitle "playchess.com"]
[Source "ChessBase"]
[WhiteTeam "MTN"]
[BlackTeam "Nigeria"]
[BlackTeamCountry "NGR"]
[TimeControl "40/5400+30:1800+30"]

1. e4 {(00:00)} c5 {(00:00)} 2. Nc3 {(00:00)} Nc6 {
(00:11)} 3. f4 {(00:00)} g6 {(00:37)} 4. Bb5 {(00:
32)} Nd4 {(00:43)} 5. Nf3 {(00:07)} Bg7 {(01:02)} 6. O-O {
(01:15)} e6 {(00:33)} 7. e5 {(12:20)} a6 {(03:20)}
8. Bd3 {(00:51)} d5 {(03:59)} 9. Nxd4 {(01:15)} cxd4 {
(00:03)} 10. Ne2 {(00:12)} Qb6 {(00:03)} 11. Qe1 {(
02:05)} Bf8 {(02:16)} 12. b3 {(06:00)} Bc5 {(01:07)} 13.
Bb2 {(01:56)} Ne7 {(00:11)} 14. Qf2 {(00:48)} Nc6 {
(00:11)} 15. Qh4 Bd7 {(02:14)} 16. a3 {(05:33)} a5 {
(00:03)} 17. a4 {(00:08)} Nb4 {(00:59)} 18. Rf3 {(
00:19)} Nxc2 {(01:58)} 19. Rc1 {(19:41)} Nb4 {(00:13)} 20.
Qf2 {(11:47)} O-O {(07:01)} 21. Qh4 {(03:28)} Rfe8 {
(04:09)} 22. Rh3 {(02:18)} h5 {(00:40)} 23. Bxg6 {(
17:43)} fxg6 {(03:41)} 24. Qf6 {(00:20)} d3+ {(01:18)} 25.
Kh1 {(03:08)} Re7 {(00:10)} 26. Qxg6+ {(08:10)} Rg7 {
(00:27)} 27. Qxh5 {(00:09)} dxe2 {(08:23)} 28. Qh8+ {
(02:29)} Kf7 {(00:03)} 29. Qxa8 {(00:49)} Nd3 {(05:
16)} 30. Rh8 {(01:00)} Nxc1 {(00:34)} 0-1

[Event "42nd Olympiad Baku 2016 Open"]
[Site "Baku"]
[Date "2016.09.03"]
[Round "2.16"]
[White "Sair Soyar Ahmad"]
[Black "Thompson, Edward Nii Lamptey"]
[Result "1-0"]
[ECO "B00"]
[WhiteElo "1715"]
[BlackElo "1889"]
[Annotator ""]
[PlyCount "91"]
[EventDate "2016.??.??"]
[EventCountry "AZE"]
[SourceTitle "playchess.com"]
[Source "ChessBase"]
[WhiteTeam "Afghanistan"]
[BlackTeam "Ghana"]
[WhiteTeamCountry "AFG"]
[BlackTeamCountry "GHA"]
[TimeControl "40/5400+30:1800+30"]

1. e4 {(00:00)} d6 {(00:40)} 2. Nc3 {(00:09)} Nf6 {
(00:05)} 3. Nf3 {(01:07)} g6 {(00:03)} 4. Bc4 {(01:
04)} Bg7 {(00:03)} 5. d3 {(00:55)} Nbd7 {(00:45)} 6. Be3 {
(02:10)} c6 {(00:24)} 7. h3 {(03:46)} O-O {(00:24)}
8. Qd2 {(00:50)} a5 {(00:19)} 9. a3 {(00:59)} b5 {(
01:18)} 10. Ba2 {(00:43)} Qc7 11. O-O {(00:39)} Bb7 {(00:
30)} 12. Bh6 {(00:27)} b4 {(00:41)} 13. axb4 {(01:13)}
axb4 {(00:02)} 14. Ne2 {(00:21)} c5 {(00:05)} 15. Bxg7 {
(00:48)} Kxg7 {(00:09)} 16. Ng3 {(02:44)} h6 {(00:
53)} 17. Nh4 {(01:34)} e6 {(06:33)} 18. f4 {(01:23)} Qd8 {
(04:47)} 19. Nf3 {(01:44)} Qe7 {(00:26)} 20. f5 {(
01:34)} Ra7 {(15:47)} 21. Bb3 {(01:51)} Rxa1 {(00:21)} 22.
Rxa1 {(00:10)} exf5 {(00:47)} 23. Nh4 {(05:31)} Qe5 {
(03:42)} 24. Ngxf5+ {(05:57)} gxf5 {(00:31)} 25. Nxf5+ {
(00:11)} Qxf5 {(00:15)} 26. exf5 {(00:29)} Kh7 {(
00:18)} 27. Ra7 {(01:14)} Bc6 {(01:06)} 28. Rc7 {(01:13)}
Ba8 {(00:13)} 29. Ra7 {(00:47)} Ne5 {(00:59)} 30. d4 {
(01:08)} Ne4 {(06:36)} 31. Qf4 {(03:44)} cxd4 {(00:
54)} 32. Rxa8 {(00:36)} Rxa8 {(00:02)} 33. Qxe4 {(00:21)}
Rg8 {(01:10)} 34. Kh2 {(01:25)} h5 {(01:57)} 35. Qxd4 {
(00:57)} Rg5 {(00:42)} 36. f6 {(00:45)} Kg6 {(00:
43)} 37. Qxd6 {(00:15)} h4 {(00:37)} 38. Qxb4 {(00:31)}
Kxf6 {(00:21)} 39. Qxh4 {(00:22)} Kg6 {(00:13)} 40. c4 {
(00:00)} f5 {(00:00)} 41. c5 {(01:57)} Rh5 {(04:23]
} 42. Qg3+ {(00:46)} Kf6 {(00:45)} 43. c6 {(00:14)} Rh8 {
(01:22)} 44. c7 {(00:47)} Rc8 {(02:08)} 45. Qc3 {(
00:09)} f4 {(00:17)} 46. Bd5 {(00:27)} 1-0

[Event "42nd Olympiad Baku 2016 Open"]
[Site "Baku"]
[Date "2016.09.03"]
[Round "2.2"]
[White "Salim issa ali shamas"]
[Black "Davy, Damion"]
[Result "0-1"]
[ECO "D38"]
[WhiteElo "1932"]
[BlackElo "2117"]
[Annotator ""]
[PlyCount "112"]
[EventDate "2016.??.??"]
[EventCountry "AZE"]
[SourceTitle "playchess.com"]
[Source "ChessBase"]
[WhiteTeam "OMA"]
[BlackTeam "Jamaica"]
[BlackTeamCountry "JAM"]
[TimeControl "40/5400+30:1800+30"]

1. d4 {(00:00)} Nf6 {(00:00)} 2. Nf3 {(00:01)} d5 {
(00:00)} 3. c4 {(00:32)} e6 {(00:00)} 4. Nc3 {(00:
25)} Bb4 {(00:00)} 5. cxd5 {(01:10)} exd5 {(00:04)} 6. Bg5
{(00:45)} h6 {(00:06)} 7. Bd2 {(00:45)} O-O {(00:
09)} 8. e3 {(00:07)} Bd6 {(02:20)} 9. Bd3 {(00:29)} c5 {
(00:07)} 10. O-O {(00:26)} Nc6 {(00:04)} 11. h3 {(
00:35)} Re8 {(01:59)} 12. a3 {(00:31)} a6 {(01:15)} 13.
Rc1 {(00:22)} Be6 {(03:18)} 14. dxc5 {(00:54)} Bxc5 {
(00:07)} 15. Ne2 {(00:20)} Ba7 {(01:43)} 16. Nf4 {(
02:59)} Ne4 {(07:42)} 17. Nxe6 {(02:58)} Rxe6 {(01:00)}
18. Bc3 {(00:32)} Qe7 {(09:06)} 19. Qb3 {(01:48)} Rd8 {
(06:40)} 20. Nd4 {(01:51)} Nxd4 {(05:56)} 21. Bxd4 {
(00:20)} Bxd4 {(00:11)} 22. exd4 {(00:08)} Nd2 {(
00:34)} 23. Qc3 {(00:47)} Nxf1 {(00:10)} 24. Rxf1 {(00:08]
} g6 {(01:35)} 25. Qd2 {(00:15)} Kg7 {(00:10)} 26. Qa5 {
(00:14)} Rd7 {(02:10)} 27. g3 {(01:23)} Qd8 {(01:
54)} 28. Qxd8 {(01:39)} Rxd8 {(00:05)} 29. Rc1 {(00:09)}
Rb6 {(02:53)} 30. b4 {(00:22)} Rdd6 {(00:44)} 31. Rc5 {
(00:41)} Rbc6 {(00:32)} 32. Kf1 {(00:37)} b6 {(08:
35)} 33. Rxc6 {(00:23)} Rxc6 {(00:02)} 34. Bxa6 {(00:11)}
Rc3 {(00:05)} 35. Bb7 {(00:31)} Rxa3 {(00:06)} 36. Bxd5 {
(00:18)} Rd3 {(00:07)} 37. Bc6 {(00:25)} Rxd4 {(00:
03)} 38. b5 {(00:14)} Kf6 {(00:37)} 39. Ke2 {(00:14)} Rc4
{(00:06)} 40. Kd3 {(00:00)} Rc5 {(00:00)} 41. Kd4 {
(00:20)} Ke7 {(01:18)} 42. h4 {(00:42)} Rxc6 {(01:
02)} 43. bxc6 {(00:15)} Kd6 {(00:03)} 44. g4 {(00:34)}
Kxc6 {(00:06)} 45. f4 {(00:07)} h5 {(01:20)} 46. gxh5 {
(00:58)} gxh5 {(00:01)} 47. Ke5 {(00:15)} b5 {(00:
24)} 48. Kf6 {(00:13)} b4 {(00:04)} 49. Kxf7 {(00:31)} b3
{(00:01)} 50. Kg7 {(01:26)} b2 {(00:07)} 51. f5 {(
00:04)} b1=Q {(00:04)} 52. f6 {(01:37)} Qg1+ {(00:06)} 53.
Kh6 {(01:09)} Kd7 {(00:09)} 54. f7 {(01:41)} Ke7 {(
03:11)} 55. f8=Q+ {(01:37)} Kxf8 {(00:06)} 56. Kxh5 {(00:
31)} Kf7 {(00:23)} 0-1